 Dungeon Crawl Stone Soup version 0.30-b1-2-g02819fbbbe (webtiles) character file.

Game seed: 17503716884890538575

138 yogakurto the Poker (level 5, -1/42 HPs)
             Began as a Formicid Chaos Knight on Dec 11, 2023.
             Was a Plaything of Xom.
             Slain by a tarantella (glowing shapeshifter) (11 damage)
             ... on level 4 of the Dungeon.
             The game lasted 00:04:18 (1180 turns).

yogakurto the Poker (Formicid Chaos Knight)         Turns: 1180, Time: 00:04:19

Health: -1/42      AC:  5    Str: 16    XL:     5   Next: 45%
Magic:  5/5        EV: 11    Int: 12    God:    Xom [....*.]
Gold:   81         SH:  0    Dex: 15    Spells: 4/4 levels left

rFire   . . .        a - +0 spear (chaos)
rCold   . . .        (no shield)
rNeg    . . .        A - +2 leather armour
rPois   .            (helmet unavailable)
rElec   .            B - scarf {repulsion}
rCorr   .            (no gloves)
SInv    +            (no boots)
Will    .....        (no amulet)
Stlth   ++           (no ring)
HPRegen 0.27/turn    (no ring)
MPRegen 0.09/turn

%: repel missiles
@: lethally poisoned (-1 -> -13)
A: permanent stasis, dig shafts and tunnels, antennae 3, four strong arms
a: Dig, Shaft Self, Renounce Religion


You were on level 4 of the Dungeon.
You worshipped Xom.
You were a beloved toy of Xom.
You visited 1 branch of the dungeon, and saw 3 of its levels.

You collected 81 gold pieces.

Inventory:

Hand Weapons
 a - a +0 spear of chaos (weapon)
Missiles
 f - 5 poisoned darts (quivered)
Armour
 A - a +2 leather armour (worn)
 B - a scarf of repulsion (worn)
Scrolls
 b - a scroll of identify
Miscellaneous
 c - a piece from Xom's chessboard (14/15)


   Skills:
 + Level 4.3 Fighting
 + Level 4.4 Polearms
 + Level 3.1 Armour
 + Level 1.1 Dodging
 + Level 1.1 Stealth


You had 4 spell levels left.
You didn't know any spells.
Your spell library contained the following spells:

 Spells                   Type           Power      Damage    Failure   Level
 Ensorcelled Hibernation  Hex/Ice        0%         N/A       52%         2
 Passwall                 Tmut/Erth      0%         N/A       52%         2
 Swiftness                Air            Unusable   N/A       N/A         3

Dungeon Overview and Level Annotations

Branches:
Dungeon (2/15)

Altars:


Innate Abilities, Weirdness & Mutations

You cannot be hasted, slowed, berserked, paralysed or teleported.
You can dig through walls and to a lower floor.
You have a pair of large antennae on your head. (SInv)
Your four strong arms can wield two-handed weapons with a shield.


Message History

You hit the kobold.
The kobold changes into a glowing shapeshifter!
The glowing shapeshifter is lightly wounded.
The glowing shapeshifter changes into a redback!
You miss the redback. The redback barely misses you.
You barely miss the redback. The redback completely misses you.
Unknown command.
The redback bites you!
You are lethally poisoned!
The redback poisons you!
Okay, then.
It was a potion of heal wounds.
You feel much better.
You feel extremely sick.
The redback bites you but does no damage.
The orc shouts!
You hit the redback.
The redback is lightly wounded.
You feel very sick.
The redback changes into a tarantella!
You hit the tarantella.
The tarantella is poisoned.
The tarantella is lightly wounded.
You feel very sick. The tarantella touches you.
You hit the tarantella but do no damage.
The tarantella easily resists.
The tarantella is lightly wounded.
You feel very sick. The tarantella closely misses you.
You hit the tarantella but do no damage.
The tarantella is moderately wounded.
* * * LOW HITPOINT WARNING * * *
You feel very sick.
The tarantella touches you but does no damage.
The tarantella completely misses you.
You aren't carrying any potions.
Unknown command.
The tarantella attacks as you move away!
The tarantella touches you!
You die...
Xom laughs nastily!

####..####..
#..........# #
#..........# . #
#$......[..# ..##
#..........# ...#
#..o.......# #.#.{
#...)>.....# #.#.
#..s.......#####.#.#
###@##..##.#........
##..# .............
#..## ##.#........
##.## ##.#........
#..# ##............
#.## ##.. #..........
#.# #.. ##.........
#.# ##.# ##.......)..
#.###..###..........#


You could see a tarantella shaped shifter (very poisoned) and an orc.

Vanquished Creatures
  A phantom (D:4)
  An orc wizard (D:4)
  3 dart slugs
  2 orcs (D:4)
  2 endoplasms (D:1)
  2 goblins (D:1)
  6 hobgoblins (D:1)
  4 jackals
  2 kobolds (D:1)
  2 ball pythons
  2 bats (D:1)
  3 frilled lizards (D:1)
  A rat (D:1)
31 creatures vanquished.

Notes
Turn   | Place    | Note
-------+----------+-------------------------------------------
     0 | D:1      | yogakurto the Formicid Chaos Knight began the quest for the
                  | Orb.
     0 | D:1      | Reached XP level 1. HP: 18/18 MP: 1/1
    76 | D:1      | Reached XP level 2. HP: 24/24 MP: 2/2
   120 | D:1      | XOM: silly message
   248 | D:1      | XOM: silly message
   331 | D:1      | Reached XP level 3. HP: 17/30 MP: 3/3
   917 | D:2      | You fall into a shaft and drop 2 floors!
   953 | D:4      | Noticed a phantom
   957 | D:4      | XOM: potion effect (might)
   966 | D:4      | XOM: potion effect (invisibility)
   967 | D:4      | XOM: butterfly on damage
   973 | D:4      | Killed a phantom
   974 | D:4      | Reached skill level 1 in Dodging
   974 | D:4      | Reached XP level 4. HP: 8/37 MP: 4/4
   974 | D:4      | Reached XP level 5. HP: 9/42 MP: 5/5
   983 | D:4      | Reached skill level 1 in Stealth
  1006 | D:4      | XOM: confuse monster(s)
  1056 | D:4      | XOM: god gift: 13 gold pieces
  1171 | D:4      | a kobold changed into a glowing shapeshifter
  1171 | D:4      | Noticed a glowing shapeshifter (glowing shapeshifter)
  1171 | D:4      | a glowing shapeshifter changed into a redback
  1171 | D:4      | Noticed a redback (glowing shapeshifter)
  1176 | D:4      | a redback changed into a tarantella
  1176 | D:4      | Noticed a tarantella (glowing shapeshifter)
  1180 | D:4      | Slain by a tarantella (glowing shapeshifter)

Illustrated notes

Levels and vault maps discovered:
D:1:      nicolae_arrival_memento_mori, layout_loops_ring
D:2:      layout_rooms, basic_altar, hellmonk_ecumenical_altar_defaced_shrine
D:4:      layout_rooms, serial_shops, shop_statue, uniq_ijyb

Skill      XL: |  1  2  3  4  5 |
---------------+----------------+-----
Fighting       | 4 |  4.3
Polearms       | 4 |  4.4
Dodging        | 1 |  1.1
Armour         | 3 |  3.1
Stealth        | 1 |  1.1

Action                     |  1- 3 |  4- 6 || total
---------------------------+-------+-------++-------
  Melee: Spear             |    84 |    26 ||   110
  Throw: Dart              |       |     2 ||     2
  Evoke: Piece from Xom's  |       |     1 ||     1
    Use: Scroll            |     2 |       ||     2
         Potion            |     1 |     1 ||     2
   Stab: Paralysed         |     1 |     2 ||     3
         Invisible         |       |     1 ||     1
 Armour: Leather armour    |    27 |     4 ||    31
  Dodge: Dodged            |    37 |    19 ||    56
         Repelled          |     2 |     1 ||     3
